 Dungeon Sprint DCSS version 0.31-a0-18-gea43df2a32 (webtiles) character file.

Game seed: 17087121997744328311

1229 sircluck the Grappler (level 8, -3/89 HPs)
             Began as a Troll Berserker on May 9, 2023.
             Was an Elder of Trog.
             Slain by Sonja
             ... wielding a +2 short sword of venom
              (7 damage)
             ... in the Dungeon (Sprint I: "Red Sonja").
             The game lasted 00:01:21 (278 turns).

sircluck the Grappler (Troll Berserker)              Turns: 278, Time: 00:01:22

Health: -3/89      AC:  4    Str: 28    XL:     8   Next: 24%
Magic:  7/7        EV: 12    Int:  3    God:    Trog [****..]
Gold:   405        SH:  0    Dex:  9    Spells: 7/7 levels left

rFire   . .          .
                       - Unarmed
rCold   . . .        (no shield)
rNeg    . . .        a - +0 animal skin
rPois   .            (helmet restricted)
rElec   .            (no cloak)
rCorr   .            (gloves unavailable)
SInv    .            (boots unavailable)
Will    .....        (no amulet)
Stlth   +            (no ring)
HPRegen 1.14/turn    (no ring)
MPRegen 0.10/turn

%: no teleportation
@: lethally poisoned (-3 -> -6), slowed, very slow
A: large, unfitting armour, claws 3, regeneration 1, shaggy fur 1, tough skin 1
a: Renounce Religion, Berserk, Trog's Hand, Brothers in Arms


You were in the Dungeon.
You worshipped Trog.
Trog was greatly pleased with you.
You visited 1 branch You collected 405 gold pieces.

Inventory:

Armour
 a - a +0 animal skin (worn)
Wands
 h - a wand of charming (4)
Scrolls
 j - a scroll of amnesia {unknown}
Potions
 b - a potion of curing
 c - a potion of heal wounds
 d - a potion of haste
 e - 2 potions of magic
 f - a potion of berserk rage
 i - a potion of degeneration {unknown}


   Skills:
 + Level 8.5 Fighting
 + Level 9.0 Dodging
 + Level 12.1 Unarmed Combat


You had 7 spell levels left.
You didn't know any spells.
Your spell library was empty.

Dungeon Overview and Level Annotations

Branches:
Dungeon (1/1)

Altars:
Cheibriados
Dithmenos
Elyvilon
Fedhas
Gozag
Hepliaklqana
Kikubaaqudgha
Makhleb
Nemelex Xobeh
Okawaru
Qazlal
Ru
Sif Muna
Trog
Uskayaw
Vehumet
Wu Jian
Xom
Yredelemnul
Zin
The Shining One
Jiyva
Lugonu

Shops:
D (

Annotations:
D Sonja


Innate Abilities, Weirdness & Mutations

You are too large for most types of armour.
You have claws for hands.
Your natural rate of healing is unusually fast.
You are covered in fur. (AC +1)
You have tough skin. (AC +1)


Message History

You are more poisoned.
Sonja hits you with a +2 short sword of venom.
Sonja closely misses you.
You barely miss Sonja.
You feel very sick.
Sonja hits you with a +2 short sword of venom.
You are more poisoned.
Sonja hits you but does no damage.
You are more poisoned.
Sonja hits you with a +2 short sword of venom.
You are more poisoned.
Sonja hits you with a +2 short sword of venom!
* * * LOW HITPOINT WARNING * * *
Sonja hits you with a +2 short sword of venom.
* * * LOW HITPOINT WARNING * * *
You are more poisoned.
Sonja hits you with a +2 short sword of venom.
* * * LOW HITPOINT WARNING * * *
You are more poisoned.
You feel better. Sonja misses you. Sonja barely misses you. x2
Sonja completely misses you.
Sonja hits you with a +2 short sword of venom.
* * * LOW HITPOINT WARNING * * *
You are poisoned.
Sonja hits you with a +2 short sword of venom.
* * * LOW HITPOINT WARNING * * *
Okay, then.
Blink to where?
Press: ? - help, Q - select action, (/) - cycle Dir - move target
Found 108 gold pieces.
As you read the scroll of blinking, it crumbles to dust.
You feel very sick.
You close the door.
You feel sick.
Sonja opens the door.
Unknown command.
You close the door.
You feel sick.
Sonja opens the door.
Sonja hits you with a +2 short sword of venom!
* * * LOW HITPOINT WARNING * * *
You are more poisoned.
Sonja hits you with a +2 short sword of venom!
You die...

#⌠⌠#_.∩...†..._#§~~.c#
####_..__##_.#'# +####
#_____###'#.#
#########.### +$.$+
#$.$# ###.## #$#K#$#
#$@$!$# #$)$$$#
#######


You could see Sonja.

Vanquished Creatures
  2 kobold demonologists (D)
  A slime creature (D)
  Sigmund (D)
  A yak (D)
  A floating eye (D)
  An ogre (D)
  A jelly (D)
  Ijyb (D)
9 creatures vanquished.

Vanquished Creatures (others)
  2 ballistomycete spores (D)
2 creatures vanquished.

Grand Total: 11 creatures vanquished

Notes
Turn   | Place    | Note
-------+----------+-------------------------------------------
     0 | D        | sircluck the Troll Berserker began the quest for the Orb.
     0 | D        | Reached XP level 1. HP: 22/22 MP: 0/0
     1 | D        | Noticed Ijyb
     7 | D        | Killed Ijyb
     8 | D        | Reached skill level 4 in Unarmed Combat
     8 | D        | Reached XP level 2. HP: 32/32 MP: 1/1
    41 | D        | Noticed an ogre
    57 | D        | Killed an ogre
    58 | D        | Reached skill level 6 in Unarmed Combat
    58 | D        | Reached XP level 3. HP: 32/41 MP: 2/2
    58 | D        | Reached XP level 4. HP: 38/49 MP: 3/3
    83 | D        | Noticed Sigmund
    87 | D        | Killed Sigmund
    87 | D        | Reached ** piety under Trog
    88 | D        | Reached skill level 8 in Unarmed Combat
    88 | D        | Reached XP level 5. HP: 55/59 MP: 4/4
   106 | D        | Found an ornate altar of the Wu Jian Council.
   106 | D        | Found a shimmering blue altar of Sif Muna.
   108 | D        | Found a radiant altar of Vehumet.
   111 | D        | Reached XP level 6. HP: 68/68 MP: 5/5
   115 | D        | Noticed a centaur warrior
   115 | D        | Noticed a centaur warrior
   123 | D        | Found a burning altar of Makhleb.
   123 | D        | Found a viscous altar of Jiyva.
   123 | D        | Found a shimmering altar of Xom.
   123 | D        | Found a corrupted altar of Lugonu.
   123 | D        | Noticed a slime creature
   132 | D        | Killed a slime creature
   133 | D        | Reached skill level 9 in Unarmed Combat
   195 | D        | Found Yri Quig's Weapon Emporium.
   195 | D        | Found an ancient bone altar of Kikubaaqudgha.
   195 | D        | Found a hazy altar of Hepliaklqana.
   195 | D        | Found a stormy altar of Qazlal.
   195 | D        | Found a hide-covered altar of Uskayaw.
   195 | D        | Found a blossoming altar of Fedhas.
   195 | D        | Found a bloodstained altar of Trog.
   195 | D        | Found an iron altar of Okawaru.
   195 | D        | Found a basalt altar of Yredelemnul.
   195 | D        | Found a glowing golden altar of the Shining One.
   195 | D        | Found a snail-covered altar of Cheibriados.
   195 | D        | Found a sacrificial altar of Ru.
   195 | D        | Found a glowing silver altar of Zin.
   195 | D        | Found a shadowy altar of Dithmenos.
   195 | D        | Found a white marble altar of Elyvilon.
   195 | D        | Noticed a yak
   200 | D        | Killed a yak
   200 | D        | Reached *** piety under Trog
   201 | D        | Reached skill level 10 in Unarmed Combat
   201 | D        | Reached XP level 7. HP: 78/78 MP: 6/6
   201 | D        | Found an opulent altar of Gozag.
   202 | D        | Found a sparkling altar of Nemelex Xobeh.
   230 | D        | Noticed a kobold demonologist
   230 | D        | Noticed a kobold demonologist
   233 | D        | Paralysed by a floating eye for 4 turns
   235 | D        | Noticed a sixfirhy
   244 | D        | Noticed a chaos spawn
   245 | D        | Killed a kobold demonologist
   246 | D        | Reached skill level 11 in Unarmed Combat
   248 | D        | Noticed a hellwing
   250 | D        | Killed a kobold demonologist
   250 | D        | Reached **** piety under Trog
   251 | D        | Reached skill level 12 in Unarmed Combat
   251 | D        | Reached XP level 8. HP: 88/89 MP: 7/7
   263 | D        | Noticed Sonja
   278 | D        | HP: 4/89 [Sonja/+2 short sword of venom (9)]
   278 | D        | Slain by Sonja

Illustrated notes

Levels and vault maps discovered:
D:        dungeon_sprint_1 [red_sonja_temple_1, red_sonja_temple_small_1]

Skill      XL: |  1  2  3  4  5  6  7 |
---------------+----------------------+-----
Fighting       | 3 4 6 7 8 |  8.5
Dodging        | 3 4 6 7 9 |  9.0
Unarmed Combat | 4 6 8 10 12 | 12.1

Action                     |  1- 3 |  4- 6 |  7- 9 || total
---------------------------+-------+-------+-------++-------
  Melee: Unarmed           |    11 |    17 |    17 ||    45
         Punch             |       |     1 |     1 ||     2
 Invoke: Berserk           |     1 |       |       ||     1
    Use: Scroll            |       |       |     1 ||     1
         Potion            |       |       |     1 ||     1
 Armour: Animal skin       |     1 |     3 |     6 ||    10
  Dodge: Dodged            |     3 |     4 |    10 ||    17

Table legend: (Time is in decaauts)
 A = Elapsed time spent in this place.
 B = Non-inter-level travel time spent in this place.
 C = Inter-level travel time spent in this place.
 D = Time resting spent in this place.
 E = Time spent auto-exploring this place.
 F = Levels seen in this place.
 G = Mean time per level.
                   A        B        C        D        E       F      G
               +--------+--------+--------+--------+--------+-----+--------+
         Total |    285 |    260 |     25 |     40 |     84 |   1 |  285.0 |
       Dungeon |    285 |    260 |     25 |     40 |     84 |   1 |  285.0 |
               +--------+--------+--------+--------+--------+-----+--------+

Top non-repeatable levels by time:
       D: 285 daAuts
